 Dungeon Crawl Stone Soup version 0.30-a0-1163-gf69bf04e7a (webtiles) character file.

Game seed: 11139778656148195334

68 Jeffwins the Chiller (level 4, -2/33 HPs)
             Began as a Human Wanderer on Apr 29, 2023.
             Succumbed to a gnoll's poison
             ... on level 2 of the Dungeon.
             The game lasted 00:02:04 (1301 turns).

Jeffwins the Chiller (Human Wanderer)               Turns: 1301, Time: 00:02:04

Health: -2/33      AC:  3    Str: 15    XL:     4   Next: 41%
Magic:  5/7        EV: 11    Int: 15    God:
Gold:   63         SH:  0    Dex:  9    Spells: 3/7 levels left

rFire   . . .        h - staff of cold
rCold   + . .        (no shield)
rNeg    . . .        c - +0 leather armour
rPois   .            (no helmet)
rElec   .            (no cloak)
rCorr   .            (no gloves)
SInv    .            (no boots)
Will    .....        (no amulet)
Stlth   ++           (no ring)
HPRegen 0.25/turn    (no ring)
MPRegen 0.10/turn

%: no passive effects
@: lethally poisoned (-2 -> -19), attractive
A: no striking features
a: no special abilities


You were on level 2 of the Dungeon.
You visited 1 branch of the dungeon, and saw 2 of its levels.

You collected 63 gold pieces.


   Skills:
 - Level 2.0 Fighting
 - Level 1.0(1.3) Maces & Flails
 * Level 1.2(1.4) Staves
 - Level 1.0 Dodging
 + Level 2.5 Stealth
 * Level 2.0 Spellcasting
 * Level 0.9 Conjurations
 * Level 2.8 Ice Magic
 - Level 1.0 Invocations


You had 3 spell levels left.
You knew the following spells:

 Your Spells              Type           Power      Damage    Failure   Level
x - Hailstorm             Conj/Ice       10%        3d5       36%         3
z - Freeze                Ice            60%        1d7       9%          1

Your spell library contained the following spells:

 Spells                   Type           Power      Damage    Failure   Level
 Ice Form                 Ice/Tmut       8%         N/A       83%         4

Inventory:

Hand Weapons
 a - a +1 mace
 g - a +0 dagger of protection
Armour
 c - a +0 leather armour (worn)
Magical Staves
 h - a staff of cold (weapon)
Jewellery
 L - a ring of flight
Scrolls
 b - 2 scrolls of fear
 e - 2 scrolls of teleportation {unknown}
 f - a scroll of enchant weapon {unknown}
 j - a scroll of identify {unknown}
Potions
 d - a potion of degeneration {unknown}
 i - a potion of curing {unknown}
 l - a potion of haste {unknown}

Dungeon Overview and Level Annotations

Branches:
Dungeon (2/15)

Altars:

#.......g..#.#
####.########†#.# ###
##....# ####g#.# #.#
#..########..g...# #.#
#.##......'......#
###.####.##.######.g.>..#
#........##.#....'......#
#.#..#.####.#.####......#
##......####.#.#@..#+#+###
#.........##.#...g.#
#.........'..#######.
#.........###........
+...........#.....##.
#.........#.#.....+
###########.#.....#
#.)...# #######


You could see a gnoll.


Message History

You are poisoned.
Unknown command.
Casting: Freeze (safe; 9% risk of failure)
Confirm with . or Enter, or press ? or * to list all spells.
Aiming: Freeze (safe; 9% risk of failure)
Press: ? - help, Shift-Dir - straight line, f - gnoll
Aim: a gnoll, wielding a +1 halberd of venom (lightly wounded)
You feel a surge of power!
You freeze the gnoll.
The gnoll is heavily wounded.
You feel very sick.
The gnoll hits you with a +1 halberd of venom!
* * * LOW HITPOINT WARNING * * *
You are more poisoned.
Unknown command.
Casting: Freeze (safe; 9% risk of failure)
Confirm with . or Enter, or press ? or * to list all spells.
Aiming: Freeze (safe; 9% risk of failure)
Press: ? - help, Shift-Dir - straight line, f/p - gnoll
Aim: a gnoll, wielding a +1 halberd of venom (heavily wounded)
You feel a surge of power!
You freeze the gnoll.
The gnoll is severely wounded.
* * * LOW HITPOINT WARNING * * *
You feel very sick. The gnoll closely misses you.
Okay, then.
Okay, then.
Okay, then.
It was a potion of attraction.
You feel attractive to monsters.
You die...

Skill      XL: |  1  2  3  4 |
---------------+-------------+-----
Staves         | 1 |  1.2
Spellcasting   | 2 |  2.0
Fighting       | |  2.0
Maces & Flails | |  1.0
Dodging        | |  1.0
Stealth        | |  2.5
Conjurations   | |  0.9
Ice Magic      | |  2.8
Invocations    | |  1.0

Action                     |  1- 3 |  4- 6 || total
---------------------------+-------+-------++-------
  Melee: Mace              |    19 |       ||    19
         Staff             |    62 |     1 ||    63
   Cast: Freeze            |    17 |     8 ||    25
         Hailstorm         |       |     1 ||     1
    Use: Potion            |       |     1 ||     1
   Stab: Sleeping          |     2 |       ||     2
 Armour: Leather armour    |    24 |       ||    24
  Dodge: Dodged            |    59 |     7 ||    66

Levels and vault maps discovered:
D:1:      dpeg_arrival_renting, layout_basic
D:2:      layout_basic, serial_shops, shop

Notes
Turn   | Place    | Note
-------+----------+-------------------------------------------
     0 | D:1      | Jeffwins the Human Wanderer began the quest for the Orb.
     0 | D:1      | Jeffwins set off with the following items: a +1 mace, a
                  | scroll of fear, a +0 leather armour; and the following
                  | spell memorised: Freeze; and the following spells available
                  | to memorise: Hailstorm, Ice Form.
     0 | D:1      | Reached XP level 1. HP: 16/16 MP: 2/2
   138 | D:1      | Reached XP level 2. HP: 21/22 MP: 3/3
   480 | D:1      | Reached XP level 3. HP: 27/27 MP: 5/5
   532 | D:1      | Learned a level 3 spell: Hailstorm
  1111 | D:1      | Reached skill level 1 in Staves
  1111 | D:1      | Reached XP level 4. HP: 28/33 MP: 3/6
  1147 | D:1      | Reached skill level 2 in Spellcasting
  1300 | D:2      | HP: 2/33 [poisoned by a gnoll]
  1301 | D:2      | Succumbed to a gnoll's poison

Vanquished Creatures
  3 gnolls (D:1)
  An adder (D:2)
  A worm (D:2)
  3 bats (D:1)
  3 endoplasms (D:1)
  2 giant cockroaches (D:1)
  A goblin (D:1)
  5 hobgoblins (D:1)
  A ball python (D:1)
  4 kobolds (D:1)
  3 rats
27 creatures vanquished.

Table legend: (Time is in decaauts)
 A = Elapsed time spent in this place.
 B = Non-inter-level travel time spent in this place.
 C = Inter-level travel time spent in this place.
 D = Time resting spent in this place.
 E = Time spent auto-exploring this place.
 F = Levels seen in this place.
 G = Mean time per level.
                   A        B        C        D        E       F      G
               +--------+--------+--------+--------+--------+-----+--------+
         Total |   1320 |   1276 |     44 |    169 |    835 |   2 |  660.0 |
       Dungeon |   1320 |   1276 |     44 |    169 |    835 |   2 |  660.0 |
               +--------+--------+--------+--------+--------+-----+--------+

Top non-repeatable levels by time:
     D:1: 1151 daAuts
     D:2: 168 daAuts

Table legend:
 A = Non-vault XP
 B = Vault XP
 C = Vault XP percentage of total XP
 D = Non-vault monster count
 E = Vault monster count
 F = Vault count percentage of total count
                 A         B        C        D         E       F
            +---------+---------+-------+---------+---------+-------
      Total |      98 |       0 |   0.0 |      27 |       0 |   0.0
            +---------+---------+-------+---------+---------+-------
        D:1 |      79 |       0 |   0.0 |      24 |       0 |   0.0
        D:2 |      19 |       0 |   0.0 |       3 |       0 |   0.0
            +---------+---------+-------+---------+---------+-------
